 Dungeon Crawl Stone Soup version 0.30-a0-862-g1aabd4f9c5 (webtiles) character file.

Game seed: 9272423238112387019

13286 holysushi the Nimble (level 12, -1/72 HPs)
             Began as an Octopode Monk on Mar 9, 2023.
             Was an Elder of Dithmenos.
             Slain by a salamander
             ... wielding a +0 halberd
              (12 damage)
             ... on level 2 of the Lair of Beasts.
             The game lasted 00:21:57 (12449 turns).

holysushi the Nimble (Octopode Monk)               Turns: 12449, Time: 00:21:58

Health: -1/72      AC:  1    Str: 11    XL:     12   Next: 4%
Magic:  14/14      EV: 22    Int: 13    God:    Dithmenos [****..]
Gold:   774        SH:  0    Dex: 18    Spells: 11/11 levels left

rFire   . . .      SeeInvis .    a - +2 short sword (drain)
rCold   . . .      Faith    .    (no shield)
rNeg    . . .      Spirit   .    (helmet restricted)
rPois   .          Reflect  .    B - amulet of magic regeneration
rElec   .          Rampage  .    t - ring of willpower
rCorr   .                        (no ring)
Will    +....                    (no ring)
Stlth   ++++++++                 (no ring)
HPRegen 0.32/turn                (no ring)
MPRegen 0.54/turn                (no ring)
                                 (no ring)
                                 (no ring)

@: hasted, wreathed by umbra, very quick
A: almost no armour, amphibious, 8 rings, camouflage 1, gelatinous body 1,
(nimble swimmer 1), tentacles
a: Renounce Religion, Shadow Step


You were on level 2 of the Lair of Beasts.
You worshipped Dithmenos.
Dithmenos was greatly pleased with you.
You visited 3 branches of the dungeon, and saw 14 of its levels.
You also visited: Gauntlet and Volcano.

You collected 774 gold pieces.

Inventory:

Hand Weapons
 a - a +2 short sword of draining (weapon)
 b - a +0 shortbow
 i - a +1 dagger of electrocution
 p - a +0 rapier
Missiles
 A - 2 throwing nets
Armour
 x - a +0 buckler
Jewellery
 c - a ring of fire
 t - a ring of willpower (left tentacle)
 B - an amulet of magic regeneration (around mantle)
Wands
 d - a wand of flame (7)
 f - a wand of mindburst (7)
 l - a wand of light (3)
 v - a wand of iceblast (6)
 C - a wand of charming (5)
Scrolls
 e - a scroll of silence {unknown}
 k - a scroll of poison
 r - a scroll of magic mapping
 s - a scroll of amnesia
 u - 5 scrolls of enchant armour
 w - a scroll of fog
Potions
 g - a potion of flight
 h - 2 potions of lignification
 j - a potion of haste
 m - a potion of invisibility {unknown}
 n - 2 potions of mutation
 o - a potion of cancellation {unknown}
 q - a potion of magic {unknown}
 y - a potion of might
 z - a potion of resistance {unknown}


   Skills:
 - Level 3.0 Fighting
 - Level 10.0 Short Blades
 - Level 14.7 Dodging
 + Level 10.0 Stealth
 - Level 3.0 Invocations
 - Level 3.0 Evocations


You had 11 spell levels left.
You didn't know any spells.
Your spell library contained the following spells:

 Spells                   Type           Power      Damage    Failure   Level
 Stone Arrow              Conj/Erth      0%         3d7       67%         3
 Lehudib's Crystal Spear  Conj/Erth      0%         10d2      100%        8
 Animate Armour           Summ/Erth      Unusable   N/A       N/A         4

Dungeon Overview and Level Annotations

Branches:
Dungeon (11/15) Zot: 24726  Temple (1/1) D:5 Zot: 5948    Lair (2/5) D:9 Zot: 9817
  Swamp (0/4) Lair:2        Snake (0/4) Lair:2          Orc (0/2) D:10
Volcano (visited)         Gauntlet (visited)

Altars:
Ashenzari
Cheibriados
Dithmenos
Elyvilon
Fedhas
Gozag
Hepliaklqana
Kikubaaqudgha
Makhleb
Okawaru
Qazlal
Ru
Sif Muna
Trog
Uskayaw
Vehumet
Wu Jian
Xom
Yredelemnul
Zin
The Shining One

Shops:
D:4 *

Annotations:
Lair:2 1 exclusion


Innate Abilities, Weirdness & Mutations

You cannot wear most types of armour.
You are amphibious.
You can wear up to eight rings at the same time.
Your skin changes colour to match your surroundings (Stealth+).
Your rubbery body absorbs attacks. (AC +1, EV +1)
((You are camouflaged when in or above water. (Stealth+)))
You have tentacles for arms and can constrict up to eight enemies at once.


Message History

The elephant is almost dead.
The elephant misses you. The elephant closely misses you.
You hit the elephant but do no damage. You drain the elephant.
You squeeze the elephant!
The elephant is almost dead.
You hit the elephant.
The elephant is almost dead.
Your shadow hits the elephant but does no damage.
The elephant misses you.
The elephant trunk-slaps you but does no damage.
You hit the elephant.
You kill the elephant!
Dithmenos accepts your kill.
There is a stone staircase leading down, spattered with blood here.
You start resting.
HP restored.
There is a stone staircase leading down, spattered with blood here.
You see here an elephant corpse.
There is a stone staircase leading down, spattered with blood here.
You climb downwards.
Level annotation: 1 exclusion
There is a stone staircase leading up here.
A lava snake comes into view.
The salamander hits you with a +0 halberd!
You are engulfed in flames!
The lava snake hisses angrily.
The lava snake hisses angrily.
The lava snake spits lava at you. The glob of lava hits you!
The salamander hits you from afar with a +0 halberd!
You are engulfed in flames!
* * * LOW HITPOINT WARNING * * *
Okay, then.
You feel yourself speed up. The lava snake spits lava at you.
The glob of lava misses you.
The salamander hits you from afar with a +0 halberd.
* * * LOW HITPOINT WARNING * * *
You are engulfed in flames!
You die...

##. ## #....## ######....
..###.####....# # #....
#.............# ##.####...
#.............. ..........
##............######..........
#....Y.......###≈≈≈##.........
#P...##.#.####≈≈..S§##.......#
##P..#### ###.≈....§≈#.......#
#P..P##.###..@.N.>.≈§###......
##..###.<...#......≈≈###......
#..........###S≈≈≈≈##.#......
#....P...##.##≈§≈≈##..#.....#
#........###.######..##......
#..P.#.#..##....##..†#.......
#...#####.###....#....'......#
#...# #+###....#....##......
##... ..........###'##......


You could see a salamander and 2 lava snakes.

Vanquished Creatures
  A boulder beetle (D:11)
  A skyshark (Lair:2)
  A fire crab (D:9)
  A bog body (Lair:2)
  Pikel (D:5)
  Joseph (D:7)
  Maurice (D:11)
  2 elephants (Lair:1)
  3 cane toads
  A rime drake (Lair:2)
  A kobold demonologist (D:9)
  A komodo dragon (Lair:2)
  Prince Ribbit (D:5)
  4 blink frogs (Lair:2)
  2 dream sheep (Lair:1)
  A vampire (D:10)
  A shadow (D:9)
  A wraith (D:10)
  3 wyverns
  4 fire bats (Volcano)
  A steam dragon (D:9)
  6 vampire mosquitoes (D:10)
  2 swamp worms (Lair:2)
  5 water moccasins
  3 orc warriors
  A phantom (D:5)
  2 centaurs (D:6)
  2 kobold brigands
  2 gnoll sergeants
  3 scorpions
  8 bullfrogs
  3 killer bees (D:8)
  5 howler monkeys
  An electric eel (D:9)
  6 lava snakes (Volcano)
  A gnoll bouda (Lair:1)
  6 hounds
  7 orc priests
  14 iguanas
  14 orc wizards
  12 gnolls
  13 adders
  A white imp (D:6)
  3 worms
  2 dart slugs
  30 orcs
  5 ball pythons
  5 bats
  9 endoplasms
  3 giant cockroaches
  5 goblins
  6 hobgoblins
  7 jackals
  15 kobolds
  4 quokkas
  11 frilled lizards
  5 rats
260 creatures vanquished.

Vanquished Creatures (others)
  An ogre (D:5)
  7 fungi (Lair:2)
  11 plants (Lair:2)
19 creatures vanquished.

Grand Total: 279 creatures vanquished

Notes
Turn   | Place    | Note
-------+----------+-------------------------------------------
     0 | D:1      | holysushi the Octopode Monk began the quest for the Orb.
     0 | D:1      | Reached XP level 1. HP: 16/16 MP: 1/1
   121 | D:1      | Reached XP level 2. HP: 21/21 MP: 2/2
   434 | D:1      | Reached XP level 3. HP: 26/26 MP: 3/3
   442 | D:1      | Identified a scroll of acquirement
   442 | D:1      | Acquired a +1 short sword of draining
  1317 | D:2      | Reached XP level 4. HP: 26/31 MP: 4/4
  1474 | D:2      | Reached skill level 5 in Short Blades
  1913 | D:3      | Reached XP level 5. HP: 26/36 MP: 5/5
  2443 | D:4      | Found a glowing silver altar of Zin.
  2443 | D:4      | Found Zin's Purification Station.
  2541 | D:4      | Reached XP level 6. HP: 39/42 MP: 6/6
  3234 | D:5      | Entered Level 5 of the Dungeon
  3269 | D:5      | Noticed Pikel
  3274 | D:5      | Reached XP level 7. HP: 43/46 MP: 7/7
  3282 | D:5      | Killed Pikel
  3283 | D:5      | Reached skill level 4 in Dodging
  3283 | D:5      | Reached XP level 8. HP: 20/52 MP: 8/8
  3407 | D:5      | Reached skill level 5 in Dodging
  3557 | D:5      | Noticed Prince Ribbit
  3569 | D:5      | Killed Prince Ribbit
  3919 | D:5      | Found an ancient bone altar of Kikubaaqudgha.
  4012 | D:5      | Found a staircase to the Ecumenical Temple.
  4021 | Temple   | Entered the Ecumenical Temple
  4066 | Temple   | Became a worshipper of Dithmenos the Shadowed
  4066 | Temple   | Reached * piety under Dithmenos
  4066 | Temple   | Reached ** piety under Dithmenos
  4342 | D:6      | Reached skill level 6 in Dodging
  4627 | D:6      | Reached skill level 10 in Short Blades
  4660 | D:6      | Reached XP level 9. HP: 28/56 MP: 9/9
  4836 | D:6      | Reached skill level 7 in Dodging
  5617 | D:7      | Found an opulent altar of Gozag.
  5695 | D:7      | Noticed Joseph
  5707 | D:7      | Killed Joseph
  5708 | D:7      | Reached skill level 8 in Dodging
  5883 | D:7      | Reached skill level 1 in Evocations
  6022 | D:7      | Found a hide-covered altar of Uskayaw.
  6196 | D:7      | Found a shimmering blue altar of Sif Muna.
  6318 | D:8      | Found a broken altar of Ashenzari.
  6347 | D:8      | Reached skill level 9 in Dodging
  6365 | D:8      | Reached skill level 1 in Invocations
  6650 | D:8      | You fall into a shaft and drop 3 floors!
  6670 | D:11     | Noticed a boulder beetle
  6693 | D:11     | Killed a boulder beetle
  6694 | D:11     | Reached XP level 10. HP: 51/63 MP: 10/12
  6757 | D:11     | Noticed Maurice
  6767 | D:11     | Killed Maurice
  6776 | D:10     | Entered Level 10 of the Dungeon
  6866 | D:9      | Reached *** piety under Dithmenos
  6898 | D:9      | Identified the +3 leather armour of Proximity {+Blink}
  7039 | D:9      | Reached skill level 10 in Dodging
  7409 | D:9      | Noticed a kobold demonologist
  7814 | D:9      | Noticed a sixfirhy
  7821 | D:9      | Killed a kobold demonologist
  8048 | D:9      | Found a staircase to the Lair.
  8049 | D:9      | Noticed a fire crab
  8057 | D:9      | Killed a fire crab
  8058 | D:9      | Reached skill level 11 in Dodging
  8240 | D:10     | Found a staircase to the Orcish Mines.
  8273 | D:10     | Found a glowing golden altar of the Shining One.
  8335 | D:10     | Found an iron altar of Okawaru.
  8428 | D:10     | Reached XP level 11. HP: 67/67 MP: 13/13
  8541 | D:10     | Reached skill level 12 in Dodging
  9145 | Lair:1   | Entered Level 1 of the Lair of Beasts
  9169 | Lair:1   | Reached **** piety under Dithmenos
  9294 | Lair:1   | Found a dark tunnel.
  9343 | Volcano  | Entered a volcano
  9876 | Volcano  | Reached skill level 10 in Stealth
 10817 | Lair:2   | Found a gate leading to a gauntlet.
 10839 | Lair:2   | Reached skill level 13 in Dodging
 10865 | Gauntlet | Entered a Gauntlet
 10865 | Gauntlet | Found a transporter.
 10865 | Gauntlet | Found a transporter.
 10877 | Gauntlet | Found a transporter.
 10880 | Gauntlet | Found a transporter.
 10891 | Gauntlet | Noticed a tengu warrior
 10893 | Gauntlet | Found a transporter.
 10894 | Gauntlet | Found a transporter.
 10901 | Gauntlet | Found a transporter.
 10920 | Gauntlet | Found a runed translucent door.
 10920 | Gauntlet | Noticed a wizard
 10921 | Gauntlet | Found a transporter.
 10922 | Gauntlet | Found a runed translucent door.
 10924 | Gauntlet | Noticed a wizard
 10938 | Gauntlet | Found a transporter.
 10942 | Gauntlet | Found a transporter.
 10944 | Gauntlet | Noticed a lindwurm
 10950 | Gauntlet | Found a transporter.
 10953 | Gauntlet | a jumping spider changed into a manticore
 10953 | Gauntlet | Noticed a manticore (shapeshifter)
 10954 | Gauntlet | Found a transporter.
 10959 | Gauntlet | Noticed a moth of wrath
 11466 | Lair:2   | Noticed a bog body
 11474 | Lair:2   | Killed a bog body
 11636 | Lair:2   | Found a staircase to the Swamp.
 11697 | Lair:2   | Noticed a bog body
 11729 | Lair:2   | Noticed a skyshark
 11741 | Lair:2   | Killed a skyshark
 11994 | Lair:2   | Reached skill level 14 in Dodging
 12199 | Lair:2   | Found a staircase to the Snake Pit.
 12199 | Lair:2   | Noticed a salamander
 12281 | Lair:1   | Reached XP level 12. HP: 41/72 MP: 14/14
 12449 | Lair:2   | Slain by a salamander

Illustrated notes

Levels and vault maps discovered:
D:1:      lordsloth_arrival_two_stooges, layout_loops_ring,
          minmay_misc_feat_rows
D:2:      layout_basic, st_stairs_5, interstate_on_off, glass_columns_c
D:3:      layout_basic, grunt_ministairs_2
D:4:      layout_rooms, zin_purify, nrook_mini_vaults, nrook_campfire,
          minmay_pentangle
D:5:      layout_rooms, mainiacjoe_overflow_surrounded_room,
          lemuel_temple_firewalk_b, grunt_ministairs_7, uniq_prince_ribbit1,
          uniq_pikel
D:6:      layout_cave_pods, kennysheep_generic_room_5
D:7:      layout_cave_pools, kennysheep_little_box, nicolae_gozag_seed_capital,
          nicolae_sif_muna_little_library, uniq_joseph
D:8:      layout_loops_ring, nemelex_xobeh_ov_fountains_minmay,
          mainiacjoe_overflow_small_starburst
D:9:      layout_basic, minmay_lair_entry_lava
D:10:     layout_loops_ring, mainiacjoe_overflow_boulevard,
          mainiacjoe_overflow_six_doors_small, orc_0_dummy
D:11:     layout_small_grid, nicolae_qazlal_eye_of_the_storm, uniq_maurice
Temple:   nicolae_temple_ecumenical_triangle
Lair:1:   layout_roguey, nicolae_volcano_entry_hallway, dreamdust_gnoll_shepherd
Lair:2:   lemuel_reptile_caves, layout_regular_city,
          nicolae_swamp_entry_splash_gauntlet, nicolae_snake_entry_warm_welcome,
          gauntlet_entry_generic

Skill      XL: |  1  2  3  4  5  6  7  8  9 10 11 |
---------------+----------------------------------+-----
Short Blades   | 4 5 6 7 8 10 | 10.0
Dodging        | 4 6 9 11 14 | 14.7
Stealth        | 6 8 10 | 10.0
Evocations     | 3 |  3.0
Invocations    | 3 |  3.0
Fighting       | |  3.0

Action                     |  1- 3 |  4- 6 |  7- 9 | 10-12 || total
---------------------------+-------+-------+-------+-------++-------
  Melee: Short sword       |    68 |    96 |   261 |   310 ||   735
         Constrict         |    16 |    19 |    44 |    51 ||   130
         Tentacles         |    12 |    19 |    75 |   101 ||   207
         Punch             |     1 |     1 |     5 |     4 ||    11
         Dagger            |       |       |       |    25 ||    25
   Fire: Shortbow          |       |       |    13 |     1 ||    14
  Evoke: Wand              |       |       |     1 |     9 ||    10
    Use: Scroll            |     3 |     9 |     3 |     8 ||    23
         Potion            |       |     7 |       |     7 ||    14
   Stab: Sleeping          |    11 |    10 |     9 |    27 ||    57
         Distracted        |       |     1 |       |     1 ||     2
         Invisible         |       |       |     2 |     2 ||     4
 Armour: Skin              |     2 |     1 |     9 |     2 ||    14
  Dodge: Dodged            |    29 |    30 |   151 |   201 ||   411

Table legend: (Time is in decaauts)
 A = Elapsed time spent in this place.
 B = Non-inter-level travel time spent in this place.
 C = Inter-level travel time spent in this place.
 D = Time resting spent in this place.
 E = Time spent auto-exploring this place.
 F = Levels seen in this place.
 G = Mean time per level.
                   A        B        C        D        E       F      G
               +--------+--------+--------+--------+--------+-----+--------+
         Total |  12088 |  11720 |    368 |   3411 |   5669 |  16 |  755.5 |
       Dungeon |   8835 |   8499 |    336 |   1787 |   4855 |  11 |  803.2 |
        Temple |     51 |     51 |      0 |      0 |     29 |   1 |   51.0 |
          Lair |   2181 |   2149 |     32 |   1017 |    682 |   2 | 1090.5 |
       Volcano |    894 |    894 |      0 |    607 |      0 |   1 |  894.0 |
      Gauntlet |    125 |    125 |      0 |      0 |    103 |   1 |  125.0 |
               +--------+--------+--------+--------+--------+-----+--------+

Top non-repeatable levels by time:
    D:10: 1283 daAuts
     D:6: 1278 daAuts
  Lair:1: 1106 daAuts
  Lair:2: 1075 daAuts
     D:9: 1016 daAuts
     D:4: 983 daAuts
 Volcano: 894 daAuts
     D:2: 892 daAuts
     D:5: 845 daAuts
     D:1: 735 daAuts
     D:3: 677 daAuts
     D:7: 628 daAuts
     D:8: 380 daAuts
Gauntlet: 125 daAuts
    D:11: 113 daAuts
